 Dungeon Crawl Stone Soup version 0.31-a0-233-g139696dc86 (webtiles) character file.

Game seed: 15741752438327140514

2230 qw the Skirmisher (level 9, -7/79 HPs)
             Began as a Minotaur Hexslinger on July 8, 2023.
             Mangled by a seven-headed hydra (12 damage)
             ... on level 7 of the Dungeon.
             The game lasted 00:01:48 (5787 turns).

qw the Skirmisher (Minotaur Hexslinger)             Turns: 5787, Time: 00:01:48

Health: -7/79      AC:  6    Str: 12    XL:     9   Next: 14%
Magic:  9/9        EV: 12    Int: 10    God:
Gold:   1449       SH:  5    Dex: 18    Spells: 9/10 levels left

rFire   . . .        Y - +2 longbow
rCold   . . .        (shield currently unavailable)
rNeg    . . .        e - +0 ring mail
rPois   .            (helmet restricted)
rElec   .            (no cloak)
rCorr   .            b - +0 pair of gloves
SInv    .            (no boots)
Will    .....        i - amulet of reflection
Stlth   +            (no ring)
HPRegen 0.33/turn    (no ring)
MPRegen 0.11/turn

%: reflection
@: about to teleport
A: horns 2, retaliatory headbutt
a: no special abilities


You were on level 7 of the Dungeon.
You visited 1 branch of the dungeon, and saw 7 of its levels.

You collected 1449 gold pieces.


Innate Abilities, Weirdness & Mutations

You have a pair of horns on your head.
You reflexively headbutt those who attack you in melee.


   Skills:
 - Level 7.0 Fighting
 + Level 10.7 Ranged Weapons
 - Level 3.1 Armour
 - Level 4.4 Dodging
 - Level 1.0 Spellcasting
 - Level 2.0 Hexes


You had 9 spell levels left.
You knew the following spells:

 Your Spells              Type           Power      Damage    Failure   Level
a - Slow                  Hex            16%        N/A       32%         1

Your spell library contained the following spells:

 Spells                   Type           Power      Damage    Failure   Level
 Inner Flame              Hex/Fire       2%         N/A       82%         3
 Portal Projectile        Hex/Tloc       4%         N/A       82%         3
 Cause Fear               Hex            2%         N/A       97%         4

Inventory:

Hand Weapons
 Y - a +2 longbow (weapon)
Armour
 b - a +0 pair of gloves (worn)
 e - a +0 ring mail (worn)
Jewellery
 i - an amulet of reflection (around neck)
Scrolls
 d - a scroll of identify
Potions
 a - 2 potions of curing
 c - 3 potions of resistance
 g - a potion of ambrosia {unknown}
 h - a potion of lignification {unknown}
 j - a potion of degeneration {unknown}
 k - 3 potions of haste
 l - a potion of magic {unknown}

Dungeon Overview and Level Annotations

Branches:
Dungeon (7/15)
 Temple: D:4-7

Altars:
Cheibriados
Fedhas
Gozag
Hepliaklqana
Kikubaaqudgha
Makhleb
Sif Muna
Vehumet
Wu Jian
Xom
Zin

Annotations:
D:5 2 transporters, qw's ghost, novice GrHs


Message History

The seven-headed hydra roars!
The orc shouts!
The arrow hits the seven-headed hydra.
The seven-headed hydra is lightly wounded.
You hear an angry hiss.
You hear a howl!
A wight comes into view.
It is wielding a +1 great sword of freezing.
A howler monkey comes into view.
You hear a bellow!
You shoot an arrow. The arrow hits the seven-headed hydra.
The seven-headed hydra is lightly wounded.
You shoot an arrow. The arrow hits the seven-headed hydra!!
The seven-headed hydra is moderately wounded.
An orc comes into view. It is wielding a +0 hand axe.
The seven-headed hydra bites you. x2; The seven-headed hydra bites you!
The seven-headed hydra bites you. x2
The seven-headed hydra closely misses you.
The seven-headed hydra barely misses you.
An iguana comes into view.
You shoot an arrow.
The arrow barely misses the seven-headed hydra.
A boggart comes into view.
The seven-headed hydra bites you! The seven-headed hydra bites you.
The seven-headed hydra bites you!
The seven-headed hydra completely misses you.
The seven-headed hydra bites you but does no damage.
The seven-headed hydra completely misses you.
The seven-headed hydra closely misses you.
You shoot an arrow. The boggart shouts!
The arrow hits the seven-headed hydra!
The seven-headed hydra is heavily wounded.
You hear a shout!
You block the seven-headed hydra's attack.
The seven-headed hydra bites you!
The seven-headed hydra closely misses you.
The seven-headed hydra misses you. The seven-headed hydra bites you! x3
5787 ||| READING scroll of teleportation.
As you read the scroll of teleportation, it crumbles to dust.
You feel strangely unstable. The seven-headed hydra bites you!
You die...

... #.###################### ###
#.#.....#7..)77...77...7#77.77 #
#.#7...77.777..777..777.77.7.7#..
..%.7.7...7 7..7 7..7 7...777....
..#7../77.7 7..777..777.77.7.7#.#
..#.....#7...77...77...7#77.77 .
..####### ### #7.7###### ### .##
7@7 ..#


7D7 .<# .o. ..# ..z.. ..# ..~~~.. ..# ..~~~~~.. ..# ....###.... ### ....# #....
You could see a seven-headed hydra, a wight and an orc.

Vanquished Creatures
  Prince Ribbit (D:5)
  A wyvern (D:7)
  An orc warrior (D:7)
  A sky beast (D:7)
  4 black bears
  3 ogres
  A kobold brigand (D:7)
  A bullfrog (D:6)
  A scorpion (D:5)
  2 killer bees (D:7)
  4 crimson imps (D:6)
  An orc priest (D:3)
  5 hounds
  A jelly (D:6)
  2 sleepcaps
  2 iguanas
  5 orc wizards
  A statue (D:5)
  3 gnolls (D:2)
  8 adders
  A white imp (D:7)
  3 ufetubi
  2 dart slugs
  16 orcs
  6 ball pythons
  9 endoplasms
  2 giant cockroaches
  8 hobgoblins
  4 jackals (D:2)
  5 kobolds
  4 quokkas
  7 bats
  3 frilled lizards
  7 goblins
  3 rats
128 creatures vanquished.

Notes
Turn   | Place    | Note
-------+----------+-------------------------------------------
     0 | D:1      | qw the Minotaur Hexslinger began the quest for the Orb.
     0 | D:1      | Reached XP level 1. HP: 16/16 MP: 1/1
     0 | D:1      | 0 ||| qw: Version: 0.3-a-46-gb1f654a
     0 | D:1      | 0 ||| qw: Game counter: 3555
     0 | D:1      | 0 ||| qw: Melee chars always use a shield: true
     0 | D:1      | 0 ||| qw: God list: Okawaru
     0 | D:1      | 0 ||| qw: Allow faded altars: false
     0 | D:1      | 0 ||| qw: Do Orc after clearing Dungeon:15 true
     0 | D:1      | 0 ||| qw: Do second Lair branch before Depths: true
     0 | D:1      | 0 ||| qw: Lair rune preference: random
     0 | D:1      | 0 ||| qw: Goals: Normal
     0 | D:1      | 0 ||| PLANNING D:1-11
   118 | D:1      | Reached skill level 3 in Ranged Weapons
   118 | D:1      | Reached XP level 2. HP: 23/23 MP: 2/2
   130 | D:1      | Found a faded altar of an unknown god.
   358 | D:1      | HP: 6/24 [constriction (1)]
   536 | D:1      | 536 ||| UPGRADING to +0 ring mail.
   546 | D:1      | 546 ||| DROPPING +0 robe.
   547 | D:1      | 547 ||| READING scroll labelled FEDWYS XETHRYLESELL.
   548 | D:1      | 548 ||| READING scroll labelled WYUXUD GAHUN.
   549 | D:1      | 549 ||| READING scroll labelled KYKATT CUDYPN.
   550 | D:1      | 550 ||| READING scroll labelled PATAMINTUD.
   551 | D:1      | 551 ||| READING scroll labelled YDGHOSOKHAS.
   554 | D:1      | 554 ||| DROPPING scroll of poison.
   627 | D:2      | Reached XP level 3. HP: 29/29 MP: 3/3
   675 | D:2      | Identified the +4 sling "Xopo" {flame, rElec}
   685 | D:2      | 685 ||| SWAPPING to +4 sling "Xopo" {flame, rElec}.
   686 | D:2      | 686 ||| DROPPING +1 sling.
   766 | D:2      | Reached skill level 4 in Ranged Weapons
   767 | D:2      | Reached skill level 1 in Armour
   772 | D:2      | Reached XP level 4. HP: 30/36 MP: 4/4
   811 | D:2      | 811 ||| SWAPPING to +0 longbow.
   812 | D:2      | 812 ||| DROPPING +4 sling "Xopo" {flame, rElec}.
  1425 | D:2      | 1425 ||| UPGRADING to +0 pair of gloves.
  1430 | D:2      | 1430 ||| READING scroll labelled MARRYH YG JUZ.
  1430 | D:2      | Identified a scroll of acquirement
  1430 | D:2      | 1430 ||| ACQUIRING 1101 gold pieces
  1430 | D:2      | Acquired 1101 gold pieces
  1432 | D:2      | 1432 ||| READING scroll labelled MUCUST DUNE.
  1433 | D:2      | 1433 ||| DRINKING 3 lumpy cyan potions.
  1521 | D:3      | 1521 ||| FLEEEEING.
  1522 | D:3      | 1522 ||| FLEEEEING.
  1523 | D:3      | 1523 ||| FLEEEEING.
  1524 | D:3      | 1524 ||| FLEEEEING.
  1527 | D:3      | 1527 ||| FLEEEEING.
  1528 | D:3      | 1528 ||| FLEEEEING.
  1529 | D:3      | 1529 ||| FLEEEEING.
  1530 | D:3      | 1530 ||| FLEEEEING.
  1531 | D:3      | 1531 ||| FLEEEEING.
  1532 | D:3      | 1532 ||| FLEEEEING.
  1533 | D:3      | 1533 ||| FLEEEEING.
  1534 | D:3      | 1534 ||| FLEEEEING.
  1540 | D:3      | 1540 ||| FLEEEEING.
  1541 | D:3      | 1541 ||| FLEEEEING.
  1542 | D:3      | 1542 ||| STAIRDANCE
  1582 | D:3      | 1582 ||| STAIRDANCE
  1644 | D:3      | Reached skill level 5 in Ranged Weapons
  1694 | D:3      | Reached XP level 5. HP: 41/41 MP: 5/5
  1773 | D:3      | HP: 9/42 [something (3)]
  1776 | D:3      | Reached skill level 3 in Fighting
  2172 | D:3      | 2172 ||| READING 2 scrolls of identify.
  2172 | D:3      | 2172 ||| IDENTIFYING golden potion
  2229 | D:4      | You fall into a shaft and drop 1 floor!
  2229 | D:5      | Entered Level 5 of the Dungeon
  2387 | D:5      | 2387 ||| READING 2 scrolls labelled INAG LIPSEY.
  2388 | D:5      | 2388 ||| READING 2 scrolls of identify.
  2388 | D:5      | 2388 ||| IDENTIFYING fizzy clear potion
  2389 | D:5      | 2389 ||| DROPPING potion of invisibility.
  2390 | D:5      | 2390 ||| DROPPING scroll of vulnerability.
  2467 | D:4      | Reached skill level 6 in Ranged Weapons
  2609 | D:4      | Found a hazy altar of Hepliaklqana.
  2907 | D:4      | Reached XP level 6. HP: 47/51 MP: 6/6
  3439 | D:4      | Found a burning altar of Makhleb.
  3447 | D:4      | 3447 ||| DROPPING ring of magical power.
  3448 | D:4      | 3448 ||| READING scroll labelled MEEVOA GASYXOB.
  3549 | D:4      | 3549 ||| DRINKING 2 yellow potions.
  3695 | D:5      | 3695 ||| READING scroll of enchant weapon.
  3695 | D:5      | 3695 ||| ENCHANTING +1 longbow.
  3728 | D:5      | Noticed a water moccasin
  3728 | D:5      | Noticed qw's ghost (novice GrHs)
  3733 | D:5      | Found a transporter.
  3745 | D:5      | Reached skill level 7 in Ranged Weapons
  3839 | D:5      | Reached XP level 7. HP: 57/60 MP: 7/7
  3972 | D:5      | Found a snail-covered altar of Cheibriados.
  4003 | D:5      | Found a shimmering blue altar of Sif Muna.
  4039 | D:5      | Noticed Prince Ribbit
  4057 | D:5      | Killed Prince Ribbit
  4058 | D:5      | Reached skill level 8 in Ranged Weapons
  4230 | D:5      | Found a radiant altar of Vehumet.
  4280 | D:5      | Reached skill level 3 in Armour
  4414 | D:5      | Found a transporter.
  4495 | D:5      | Reached XP level 8. HP: 58/69 MP: 8/8
  4569 | D:5      | 4569 ||| READING scroll labelled LAISHI SUXTE VEGHI.
  4575 | D:6      | 4575 ||| STAIRDANCE
  4579 | D:5      | Reached skill level 9 in Ranged Weapons
  4737 | D:6      | Reached skill level 3 in Dodging
  4783 | D:6      | Reached skill level 6 in Fighting
  4894 | D:6      | Found an ancient bone altar of Kikubaaqudgha.
  4895 | D:6      | Found an opulent altar of Gozag.
  4895 | D:6      | Found an ornate altar of the Wu Jian Council.
  4895 | D:6      | Found a glowing silver altar of Zin.
  5058 | D:6      | Found a shimmering altar of Xom.
  5131 | D:6      | Reached skill level 10 in Ranged Weapons
  5228 | D:6      | Found a blossoming altar of Fedhas.
  5499 | D:6      | 5499 ||| UPGRADING to amulet of reflection.
  5530 | D:7      | 5530 ||| PLANNING OSSUARY
  5571 | D:7      | Reached XP level 9. HP: 40/79 MP: 9/9
  5781 | D:7      | Noticed a seven-headed hydra
  5786 | D:7      | HP: 15/79 [seven-headed hydra (9)]
  5786 | D:7      | HP: 4/79 [seven-headed hydra (11)]
  5787 | D:7      | 5787 ||| READING scroll of teleportation.
  5787 | D:7      | Mangled by a seven-headed hydra

Levels and vault maps discovered:
D:1:      dpeg_chamrin_arrival_tetris, layout_rooms,
          chequers_ecumenical_altar_simple
D:2:      layout_loops_corners
D:3:      layout_rooms, minmay_misc_feat_tower, serial_park_tiny_2
D:4:      layout_layer_cave, lemuel_coloured_pillars_altar,
          nzn_hepliaklqana_mist_gate, serial_bayou_ford_a
D:5:      layout_loops_ring, vehumet_statue, mainiacjoe_overflow_divided_tiny,
          gammafunk_ghost_arena, palyth_stone_intersect, grunt_ministairs_8,
          kennysheep_nub, minmay_misc_feat_nine_boxes, uniq_prince_ribbit1
D:6:      minmay_evil_eye, layout_loops_ring, led_xom_imps,
          grunt_temple_overflow_open, lemuel_round_altar
D:7:      nzn_winding_woodlands_large [nzn_winding_woodlands_hourglass,
          nzn_winding_woodlands_5x15_zeroes,
          nzn_winding_woodlands_5x5_closed_star,
          nzn_winding_woodlands_center_pierced_h,
          nzn_winding_woodlands_15x15_eel_pit,
          nzn_winding_woodlands_center_diamonds,
          nzn_winding_woodlands_5x5_perimeter, nzn_winding_woodlands_5x15_cabin,
          nzn_winding_woodlands_5x5_cross], layout_basic,
          minmay_temple_entry_large_hall, enter_bailey_2,
          lightli_ossuary_entry_decrepit_ruins, uniq_duvessa

Skill      XL: |  1  2  3  4  5  6  7  8  9 |
---------------+----------------------------+-----
Ranged Weapons | 3 4 5 6 7 8 10 | 10.7
Fighting       | 2 3 4 5 7 |  7.0
Armour         | 1 3 |  3.1
Dodging        | 3 4 |  4.4
Spellcasting   | |  1.0
Hexes          | |  2.0

Action                     |  1- 3 |  4- 6 |  7- 9 || total
---------------------------+-------+-------+-------++-------
   Fire: Sling             |    67 |     6 |       ||    73
         Longbow           |       |   162 |   126 ||   288
    Use: Scroll            |     5 |     7 |     2 ||    14
         Potion            |       |     2 |       ||     2
 Armour: Robe              |     4 |       |       ||     4
         Ring mail         |     2 |    41 |    31 ||    74
  Dodge: Dodged            |    20 |    39 |    58 ||   117
  Block: Other             |       |       |     7 ||     7

Table legend:
 A = Non-vault XP
 B = Vault XP
 C = Vault XP percentage of total XP
 D = Non-vault monster count
 E = Vault monster count
 F = Vault count percentage of total count
                 A         B        C        D         E       F
            +---------+---------+-------+---------+---------+-------
      Total |    1894 |    1293 |  40.6 |     111 |      17 |  13.3
            +---------+---------+-------+---------+---------+-------
        D:1 |      32 |       0 |   0.0 |      17 |       0 |   0.0
        D:2 |     111 |       0 |   0.0 |      30 |       0 |   0.0
        D:3 |     124 |       0 |   0.0 |      23 |       0 |   0.0
        D:4 |     249 |       0 |   0.0 |      13 |       0 |   0.0
        D:5 |     810 |     356 |  30.5 |      18 |       4 |  18.2
        D:6 |     568 |     230 |  28.8 |      10 |       5 |  33.3
        D:7 |       0 |     707 | 100.0 |       0 |       8 | 100.0
            +---------+---------+-------+---------+---------+-------
